AoeStats
← Cristhian98K

Black Forest

507585197Analyzed
3v3 RM · 14d ago on Sep 18, 2026· 78m 55s· 6 players
Game mode
Random Map
Map size
Normal (6 player)
Population
200
Speed
Normal
Resources
Standard
Victory
Conquest
Starting age
Dark Age
Ending age
Imperial Age
RankedLock teamsTeams togetherTeam positionsShared explorationLock speedFull tech treeHidden civsTurbo modeCheats
Victory
Defeat
🇯🇴 Burgundians · Jordan
738
+18
🇹🇷 Vikings · Türkiye
704
+20
🇨🇴 Bulgarians · Colombia
683
+20
🇻🇪 Byzantines · Venezuela
807
-22
🇻🇪 Britons · Venezuela
783
-19
🇻🇪 Chinese · Venezuela
777
-21
Shehadeh almaqdesy
0:46 Loom
4:47 Wheelbarrow
15:00 Wheelbarrow
16:19 Feudal Age
19:24 Hand Cart
21:05 Fletching
22:42 Double-Bit Axe
24:50 Horse Collar
25:23 Bow Saw
25:15 Gold Mining
25:16 Fishing Lines
26:45 Stone Mining
30:15 Castle Age
29:54 Gold Shaft Mining
29:57 Stone Shaft Mining
29:20 Gillnets
31:06 Cavalier
32:36 Heavy Plow
33:38 Two-Man Saw
34:04 Crop Rotation
34:02 Forging
33:57 Scale Barding Armor
35:37 Iron Casting
35:23 Chain Barding Armor
36:41 Burgundian Vineyards
37:41 Caravan
41:19 Imperial Age
39:10 Husbandry
38:32 Light Cavalry
39:31 Fervor
41:59 Paladin
42:02 Hussar
43:05 Conscription
43:55 Blast Furnace
43:30 Plate Barding Armor
43:58 Town Watch
46:06 Chemistry
44:47 Treadmill Crane
53:17 Padded Archer Armor
59:47 Town Patrol
Legolas
1:13 Loom
15:53 Feudal Age
21:19 Town Watch
27:02 Castle Age
25:43 Stone Mining
25:46 Gold Mining
27:17 Double-Bit Axe
31:14 Fortified Wall
31:28 Chieftains
31:48 Bow Saw
33:32 Horse Collar
34:39 Gold Shaft Mining
38:11 Imperial Age
35:40 Treadmill Crane
36:45 Forging
36:36 Scale Mail Armor
37:50 Iron Casting
37:46 Chain Mail Armor
40:32 Conscription
44:28 Blast Furnace
44:57 Two-Man Saw
44:56 Heavy Plow
46:17 Plate Mail Armor
45:23 Elite Skirmisher
47:33 Padded Archer Armor
47:23 Fletching
47:59 Ballistics
53:55 Chemistry
53:14 Leather Archer Armor
52:54 Bodkin Arrow
55:30 Ring Archer Armor
55:00 Bracer
56:53 Elite Berserk
65:24 Bogsveigar
78:28 Cavalier
Cristhian98K
0:34 Loom
14:19 Feudal Age
14:59 Gold Mining
15:51 Double-Bit Axe
17:47 Fishing Lines
20:56 Scale Mail Armor
21:08 Forging
22:09 Horse Collar
23:21 Stone Mining
27:16 Castle Age
26:19 Scale Barding Armor
26:06 Arson
27:04 Fletching
28:07 Bow Saw
27:50 Town Watch
28:45 Wheelbarrow
28:13 Heavy Plow
28:56 Padded Archer Armor
29:23 Squires
30:18 Gold Shaft Mining
29:39 Gillnets
30:30 Caravan
31:54 Hand Cart
32:34 Chain Mail Armor
32:54 Pikeman
35:02 Town Patrol
34:54 Gambesons
36:18 Stone Shaft Mining
36:21 Bodkin Arrow
37:03 Iron Casting
40:40 Imperial Age
38:51 Leather Archer Armor
39:30 Coinage
38:59 Stirrups
39:31 Chain Barding Armor
39:54 Light Cavalry
41:07 Bloodlines
41:01 Husbandry
40:43 Halberdier
41:47 Conscription
41:05 Cavalier
42:22 Crop Rotation
43:43 Blast Furnace
44:12 Elite Skirmisher
46:07 Thumb Ring
47:17 Plate Mail Armor
47:24 Plate Barding Armor
47:37 Parthian Tactics
47:18 Hussar
57:22 Bracer
57:37 Bagains
72:05 Heavy Cavalry Archer
19jesussierra
11:02 Feudal Age
11:40 Double-Bit Axe
11:42 Horse Collar
21:24 Castle Age
20:25 Stone Mining
20:44 Gold Mining
23:02 Bow Saw
23:29 Gold Shaft Mining
23:37 Wheelbarrow
27:28 Loom
28:40 Pikeman
29:12 Light Cavalry
31:45 Hand Cart
31:19 Town Watch
31:30 Fletching
31:40 Padded Archer Armor
32:39 Heavy Plow
36:22 Imperial Age
34:20 Bodkin Arrow
34:25 Padded Archer Armor
34:26 Scale Mail Armor
34:36 Forging
35:00 Caravan
34:24 Crossbowman
34:25 Elite Skirmisher
34:54 Arson
35:10 Squires
36:12 Heated Shot
39:06 Chemistry
38:27 Ballistics
38:27 Leather Archer Armor
38:12 Bracer
38:47 Iron Casting
38:27 Chain Mail Armor
38:18 Scale Barding Armor
38:28 Chain Mail Armor
38:07 Arbalester
39:48 Halberdier
42:25 Blast Furnace
42:19 Town Patrol
42:34 Warwolf
43:00 Yeomen
44:19 Elite Longbowman
48:14 Plate Mail Armor
48:14 Ring Archer Armor
48:05 Chain Barding Armor
47:28 Treadmill Crane
47:58 Masonry
48:35 Warwolf
48:58 Conscription
48:09 Sappers
49:15 Hoardings
51:14 Husbandry
50:34 Cavalier
56:13 Architecture
63:25 Fortified Wall
63:21 Siege Engineers
63:12 Murder Holes
ELRENCOROSOY
0:54 Loom
12:15 Feudal Age
12:59 Double-Bit Axe
20:00 Castle Age
18:52 Horse Collar
25:37 Bow Saw
28:17 Gold Mining
31:13 Imperial Age
30:12 Ballistics
29:48 Murder Holes
31:01 Wheelbarrow
32:51 Gold Shaft Mining
33:29 Chemistry
32:22 Capped Ram
37:23 Stone Mining
37:37 Scale Mail Armor
37:38 Padded Archer Armor
37:44 Scale Barding Armor
37:50 Caravan
37:59 Onager
40:02 Conscription
40:19 Hand Cart
39:29 Elite Skirmisher
41:54 Heavy Camel Rider
43:35 Bombard Tower
43:19 Light Cavalry
44:01 Elite Cataphract
53:55 Cavalier
54:36 Husbandry
63:49 Crossbowman
64:35 Thumb Ring
73:58 Treadmill Crane
brayanpsalas
12:08 Feudal Age
12:00 Loom
13:27 Town Watch
15:08 Man-at-Arms
15:35 Arson
16:26 Fletching
23:22 Double-Bit Axe
24:42 Padded Archer Armor
27:15 Castle Age
27:16 Wheelbarrow
26:26 Horse Collar
27:11 Forging
28:34 Crossbowman
29:20 Thumb Ring
29:25 Gold Mining
29:08 Long Swordsman
32:02 Hand Cart
33:26 Pikeman
34:09 Squires
36:24 Iron Casting
35:45 Bodkin Arrow
36:43 Gold Shaft Mining
36:34 Stone Mining
38:08 Caravan
40:04 Scale Mail Armor
40:20 Leather Archer Armor
40:11 Scale Barding Armor
41:21 Ballistics
40:56 Murder Holes
41:12 Masonry
41:19 Fortified Wall
44:09 Imperial Age
45:23 Conscription
46:41 Chemistry
48:19 Bracer
49:19 Blast Furnace
48:36 Chain Mail Armor
48:51 Ring Archer Armor
48:38 Halberdier
49:42 Elite Chu Ko Nu
52:04 Architecture
51:30 Heated Shot
53:02 Heavy Plow
52:54 Elite Fire Lancer
53:31 Heavy Rocket Cart
65:56 Bow Saw
68:24 Cavalier
69:04 Husbandry
69:15 Bloodlines
75:22 Bombard Tower
74:49 Arrowslits
Connection lost

Rejoining the realm…

Still unreachable

The connection could not be restored.

Session expired

The server has moved on; the page needs a fresh start.